Unix NetHack Version 5.0.0-0 post-release - last build May  3 2026 23:40:34 (9823c992c0763bbd039eca2974112f46eaf799b3,branch:main).

Game began 2026-05-04 13:47:28, ended 2026-05-04 14:07:24.

GdeVolpiano, neutral female human Monk

                                                            ---           ---
                                          *.               .|.           --.--
                                     -----#---            -...          --...|
                                      .......             |..           |...-
                                     -......-             |*.-          |...|
                              |      |......|             |..--        --.---
                              |.     +......|             #...|        |<.|
                               .     |......|             |...|        |.--
                            +---.-----%.....-             |...----------.|
                             ................             |......[.%.....---
                               ...*.0......               |.-.---...--.....|
                                 ...--%.o--               |...| --.--|.-...|
                               ----%|.%...|               |.---  --- |..|.--
                               |..|[|%)[).|               |.|        --. .|
                               |..-.%%0_@o|               |.|            .|
                               |.%|.|.....|  1            |*|            .
                        | ---------.-------  -----        |.|            .
                       .#...%.......0         .%.         |.|
                        -----.----#------------#-----------.|
                            0...............................|
                            ---------------------------------
GdeVolpiano the Initiate        St:16 Dx:16 Co:14 In:9 Wi:13 Ch:12  Neutral
Dlvl:7  $:128 HP:0(54) Pw:38(38) AC:3  Xp:7 T:1677 

Latest messages:
 X - a wand of magic missile.
 You see here an orc shaman corpse named Ahaiuhai of Azaz.
 You hit Baneogbanea of Azaz!
 Baneogbanea of Azaz hits!
 The orc-captain picks up an Uruk-hai shield.
 You destroy Baneogbanea of Azaz!
 The human zombie hits!
 It hits the orc-captain.
 Zaioth of Azaz hits!
 You destroy the human zombie!
 Zaioth of Azaz hits!
 The orc-captain throws a knife!
 The knife misses the orc-captain.
 A knife misses you.
 You hit Zaioth of Azaz!
 You hit Zaioth of Azaz!
 It hits the orc-captain.
 The orc-captain misses it.
 The orc-captain misses it.
 Zaioth of Azaz hits!
 What do you want to drink? [demwBHLR or ?*]
 You feel better.
 You kill Zaioth of Azaz!
 It misses the orc-captain.
 There are several objects here.
 You hit the orc-captain!
 It hits the orc-captain.
 The orc-captain picks up a curved sword.
 You hit the orc-captain!
 You kill the orc-captain!
 You hit the orc-captain!
 You kill the orc-captain!
 You destroy the human zombie!
 The orc-captain swings her curved sword.
 The orc-captain hits!
 The orc-captain swings her curved sword.
 The orc-captain just misses!
 You hit the orc-captain!
 The orc-captain swings her curved sword.
 The orc-captain hits!
 The orc-captain swings her curved sword.
 The orc-captain hits again!
 The orc-captain shoots 2 poisoned crude arrows!
 The 1st poisoned crude arrow misses you.
 The 2nd poisoned crude arrow misses you.
 The orc-captain shoots 2 poisoned crude arrows!
 You are hit by the 1st poisoned crude arrow.
 You die...
 Do you want your possessions identified? [ynq] (y)
 Do you want to see your attributes? [ynq] (y)

Inventory:
 Coins    ('$')
  $ - 128 gold pieces
 Weapons  (')')
  l - a cursed +0 spear (at the ready)
 Armor    ('[')
  a - an uncursed +2 pair of leather gloves (being worn)
  K - an uncursed +0 pair of jumping boots
  t - an uncursed +0 pair of low boots (being worn)
  r - an uncursed +0 alchemy smock with text "Gehennom's Kitchen"
  b - an uncursed +1 robe (being worn)
 Comestibles  ('%')
  f - 3 uncursed food rations
  s - a cursed food ration
  i - 4 uncursed fortune cookies
  v - an uncursed lembas wafer
  O - an uncursed egg
 Scrolls  ('?')
  M - an uncursed scroll of create monster
  n - an uncursed scroll of enchant armor
  I - an uncursed scroll of enchant weapon
  c - an uncursed scroll of food detection
  U - an uncursed scroll of identify
  D - a blessed scroll of remove curse
  C - a blessed scroll of teleportation
 Spellbooks  ('+')
  j - a blessed spellbook of confuse monster
  o - an uncursed spellbook of knock
  z - an uncursed spellbook of levitation
 Potions  ('!')
  e - an uncursed potion of confusion
  L - a blessed potion of enlightenment
  w - an uncursed potion of enlightenment
  R - a cursed potion of extra healing
  H - an uncursed potion of gain energy
  m - an uncursed potion of levitation
  B - a potion of unholy water
 Rings    ('=')
  p - an uncursed ring of free action (on right hand)
 Wands    ('/')
  Y - a wand of magic missile (0:3)
  N - a wand of magic missile (0:0)
  X - a wand of magic missile (0:0)
  x - a wand of striking (0:1)
  T - a wand of striking (0:0)
  W - a wand of striking (0:0)
 Tools    ('(')
  y - a +0 pick-axe (alternate weapon; not wielded)
  S - a +0 pick-axe
 Gems/Stones  ('*')
  V - an uncursed sapphire
  J - 2 uncursed worthless pieces of blue glass
  A - an uncursed worthless piece of green glass
  k - 2 cursed worthless pieces of green glass
  P - 2 uncursed worthless pieces of orange glass
  g - an uncursed worthless piece of red glass
  Q - an uncursed worthless piece of violet glass
  E - 2 uncursed worthless pieces of white glass
  q - 2 uncursed worthless pieces of yellowish brown glass
  F - an uncursed luckstone

GdeVolpiano the Monk's attributes:

Background:
 You were an Initiate, a level 7 female human Monk.
 You were neutral, nominally on a mission for Chih Sung-tzu
 who was opposed by Shan Lai Ching (lawful) and Huan Ti (chaotic).
 You were left-handed.
 You were in the Gnomish Mines, on level 7.
 You entered the dungeon 1677 turns ago.
 There was a full moon in effect when your adventure ended.
 You had 858 experience points, 422 more were needed to attain level 8.

Basics:
 You had 0 out of 54 hit points.
 You had all 38 energy points (spell power).
 Your armor class was 3.
 Your wallet contained 128 zorkmids.
 Autopickup was on for '$?!/="+' plus thrown, with exceptions.

Final Characteristics:
 Your strength was 16 (limit:18/100).
 Your dexterity was 16 (limit:18).
 Your constitution was 14 (limit:18).
 Your intelligence was 9 (limit:18).
 Your wisdom was 13 (limit:18).
 Your charisma was 12 (limit:18).

Final Status:
 You weren't hungry.
 You were unencumbered.
 You were empty handed.
 You were skilled in martial arts.

Final Attributes:
 You were devoutly aligned.
 You were sleep resistant.
 You were poison resistant.
 You saw invisible.
 You were telepathic.
 You were warned.
 You were stealthy.
 You were guarded.
 Your spell casting was enhanced by wearing a robe.
 You were fast.
 You had free action.
 You were lucky.
 You had extra luck.
 Bad luck did not time out for you.
 Good luck did not time out for you.
 You are dead.

Miscellaneous:
 You didn't encounter any bones levels.
 Total elapsed playing time was 19 minutes and 30 seconds.

Major events:
 Turn
    1: GdeVolpiano the neutral female human Monk entered the dungeon
  708: attained the rank of Novice (level 3)
  741: entered the Gnomish Mines
 1116: attained the rank of Initiate (level 6)
 1556: reached Mine Town
 1677: killed by an orcish arrow

Spells:
 Name                 Level Category     Fail Retention
 confuse monster        1   enchantment    0%  76%-100%

Skills:
 Fighting Skills
   martial arts       [Skilled]
 Weapon Skills
   quarterstaff       [Unskilled]
   spear              [Unskilled]
   crossbow           [Unskilled]
   shuriken           [Unskilled]
 Spellcasting Skills
   attack spells      [Unskilled]
   healing spells     [Basic]
   divination spells  [Unskilled]
   enchantment spells [Unskilled]
   clerical spells    [Unskilled]
   escape spells      [Unskilled]
   matter spells      [Unskilled]

Voluntary challenges:
 Character rerolling was not enabled.
 You were an atheist.
 You never hit with a wielded weapon.
 You never genocided any monsters.
 You never polymorphed an object.
 You never changed form.
 You used no wishes.
Achievements:
 You entered a shop.
 You attained the rank of Novice.
 You entered the Gnomish Mines.
 You attained the rank of Initiate.
 You entered Minetown.

 The Dungeons of Doom: levels 1 to 4
    Level 1:
       Some fountains.
    Level 2:
       A scroll shop.
    Level 3:
       Some fountains, a sink.
       Stairs down to The Gnomish Mines.
    Level 4:
 The Gnomish Mines: levels 4 to 7
    Level 4:
    Level 5:
    Level 6:
    Level 7: <- You were here.
       An altar, a fountain.
       Final resting place for
          you, killed by an orcish arrow.


Vanquished creatures:
  a water elemental
  4 orc-captains
  3 human zombies
 an imp
 an Uruk-hai
  3 orc shamans
  a shrieker
  3 gnome leaders
  a giant ant
  a floating eye
  a kitten
  8 dwarves
  8 hill orcs
  2 orc zombies
  a gas spore
  a hobbit
  2 hobgoblins
  2 giant rats
  a green mold
 26 gnomes
  a gecko
  a jackal
  5 goblins
  5 grid bugs
  3 bats
  2 lichens
  3 kobold zombies
  a newt
92 creatures vanquished.

No species were genocided or became extinct.

Game over:
                       ----------
                      /          \
                     /    REST    \
                    /      IN      \
                   /     PEACE      \
                  /                  \
                  |   GdeVolpiano    |
                  |      128 Au      |
                  |   killed by an   |
                  |   orcish arrow   |
                  |                  |
                  |                  |
                  |       2026       |
                 *|     *  *  *      | *
        _________)/\\_//(\/(/\)/\//\/|_)_______

Goodbye GdeVolpiano the Monk...

You died in The Gnomish Mines on dungeon level 7 with 3858 points,
and 128 pieces of gold, after 1677 moves.
You were level 7 with a maximum of 54 hit points when you died.

